 Dungeon Crawl Stone Soup version 0.29-a0-378-gc08b2e8bf8 (webtiles) character file.

Game seed: 12994615614007908849

34325 KateP the Bludgeoner (level 13, -3/88 HPs)
             Began as a Gargoyle Fighter on May 4, 2022.
             Was the Champion of Okawaru.
             Slain by a white ugly thing (35 damage)
             ... on level 14 of the Dungeon.
             The game lasted 00:33:31 (12373 turns).

KateP the Bludgeoner (Gargoyle Fighter)            Turns: 12373, Time: 00:33:32

Health: -3/88      AC: 31    Str: 28    XL:     13   Next: 76%
Magic:  13/13      EV:  8    Int: 10    God:    Okawaru [******]
Gold:   1103       SH:  0    Dex:  9    Spells: 12/12 levels left

rFire   + . .      SeeInvis .   v - +6 great mace (protect)
rCold   . . .      Faith    .   (shield currently unavailable)
rNeg    + + .      Spirit   .   c - +4 plate armour {rN+}
rPois   ∞          Reflect  .   (helmet restricted)
rElec   +          Harm     .   s - +0 cloak
rCorr   +          Rampage  .   (no gloves)
Will    ++...      Clarity  +   (no boots)
Stlth   ..........              p - amulet of regeneration
HPRegen 1.04/turn               q - ring of Selutoz {rF+ Will+ rCorr Str+4 Stlth+}
MPRegen 0.13/turn               r - ring of willpower

@: on fire, glowing
A: sickness immunity, AC +9, negative energy resistance 1, electricity
resistance, torment resistance 1, petrification resistance, antennae 1,
camouflage 1, clarity, passive freeze
a: Renounce Religion, Heroism, Finesse, Duel


You were on level 14 of the Dungeon.
You worshipped Okawaru.
Okawaru was exalted by your worship.
You visited 2 branches of the dungeon, and saw 15 of its levels.
You also visited: Bailey.

You collected 1103 gold pieces.

Inventory:

Hand Weapons
 d - the +10 great sword of Latzuleyq {freeze, rElec rPois rF+}
   (Okawaru gifted it to you on level 13 of the Dungeon)

   It freezes those it strikes, dealing additional cold damage.
   It can also slow down cold-blooded creatures.
   rF:        It protects you from fire.
   rElec:     It insulates you from electricity.
   rPois:     It protects you from poison.
 v - a +6 great mace of protection (weapon)
Missiles
 t - a throwing net (quivered)
Armour
 c - a +4 plate armour of positive energy (worn)
 s - a +0 cloak (worn)
Jewellery
 p - an amulet of regeneration (around neck)
 q - the ring of Selutoz (left hand) {rF+ Will+ rCorr Str+4 Stlth+}
   (You took it off a gnoll on level 3 of the Dungeon)

   [ring of resist corrosion]

   Str:       It affects your strength (+4).
   rF:        It protects you from fire.
   rCorr:     It protects you from acid and corrosion.
   Will:      It increases your willpower.
   Stlth:     It makes you more stealthy.
 r - a ring of willpower (right hand)
Wands
 g - a wand of polymorph (2)
Scrolls
 a - 3 scrolls of fear
 e - 5 scrolls of identify
 h - 3 scrolls of blinking
 n - 6 scrolls of teleportation
 u - a scroll of fog
Potions
 f - 7 potions of curing
 i - a potion of cancellation
 j - 2 potions of might
 l - 2 potions of magic
 o - a potion of brilliance
Miscellaneous
 x - a piece from Xom's chessboard (15/15)


   Skills:
 + Level 13.1 Fighting
 * Level 16.4 Maces & Flails
 + Level 13.2 Armour
 - Level 3.2 Shields


You had 12 spell levels left.
You didn't know any spells.
Your spell library contained the following spells:

 Spells                   Type           Power      Damage    Failure   Level
 Pain                     Necr           0%         1d4       95%         1
 Slow                     Hex            0%         N/A       95%         1
 Ensorcelled Hibernation  Hex/Ice        0%         N/A       98%         2
 Passwall                 Tmut/Erth      0%         N/A       98%         2
 Scorch                   Fire           0%         2d5       98%         2
 Static Discharge         Conj/Air       0%         N/A       98%         2
 Confusing Touch          Hex            0%         N/A       100%        3
 Gell's Gravitas          Tloc           0%         N/A       100%        3
 Lesser Beckoning         Tloc           0%         N/A       100%        3
 Ozocubu's Armour         Ice            0%         N/A       100%        3
 Swiftness                Air            0%         N/A       100%        3
 Teleport Other           Tloc           0%         N/A       100%        3
 Vampiric Draining        Necr           0%         2d6       100%        3
 Anguish                  Hex/Necr       0%         N/A       100%        4
 Dispel Undead            Necr           0%         3d6       100%        4
 Flame Wave               Conj/Fire      0%         2d4       100%        4
 Passage of Golubria      Tloc           0%         N/A       100%        4
 Sticky Flame             Conj/Fire      0%         2d3       100%        4
 Silence                  Hex/Air        0%         N/A       100%        5
 Enfeeble                 Hex            0%         N/A       100%        7
 Ozocubu's Refrigeration  Ice            0%         4d5       100%        7
 Lehudib's Crystal Spear  Conj/Erth      0%         10d2      100%        8
 Animate Skeleton         Necr           Unusable   N/A       N/A         1
 Tukima's Dance           Hex            Unusable   N/A       N/A         3
 Summon Cactus Giant      Summ           Unusable   N/A       N/A         6

Dungeon Overview and Level Annotations

Branches:
Dungeon (14/15)            Temple (1/1) D:5            Lair (0/6) D:11
    Orc (0/2) D:11         Vaults (0/5) D:14         Bailey (visited)

Altars:
Ashenzari
Cheibriados
Dithmenos
Elyvilon
Fedhas
Gozag
Hepliaklqana
Kikubaaqudgha
Makhleb
Nemelex Xobeh
Okawaru
Qazlal
Ru
Sif Muna
Trog
Uskayaw
Vehumet
Wu Jian
Xom
Yredelemnul
Zin
The Shining One

Shops:
D:4 (   D:5 !


Innate Abilities, Weirdness & Mutations

You are immune to sickness and miasma.
Your stone body is resilient. (AC +9)
You are immune to poison.
You resist negative energy. (rN+)
You are resistant to electric shocks. (rElec)
You are resistant to unholy torment.
You are immune to petrification.
You have a pair of small antennae on your head.
Your skin changes colour to match your surroundings (Stealth+).
You possess an exceptional clarity of mind.
A frigid envelope surrounds you and freezes all who hurt you.


Message History

The white ugly thing basks in the mutagenic energy from its kin and changes!
The white ugly thing closely misses you.
A white ugly thing comes into view.
The white ugly thing gurgles horribly!
You sock the white ugly thing!
Your weapon exudes an aura of protection.
The white ugly thing is lightly wounded.
The white ugly thing headbutts you. The white ugly thing freezes you!!
The white ugly thing resists.
The white ugly thing is very cold.
The white ugly thing is moderately wounded.
The deep elf pyromancer casts a spell at you.
The sticky flame hits you. You resist.
You are covered in liquid flames!
You closely miss the white ugly thing.
The white ugly thing is moderately wounded.
You are covered in liquid flames!
A white ugly thing comes into view.
The white ugly thing headbutts you. The white ugly thing freezes you!!
You are too injured to fight recklessly!
You are too injured to fight recklessly!
Unknown command.
You are too injured to fight recklessly!
You are too injured to fight recklessly!
Unknown command.
You are too injured to fight recklessly!
You feel better.
You are covered in liquid flames!
A white ugly thing comes into view.
The white ugly thing headbutts you but does no damage.
The white ugly thing resists.
The white ugly thing is very cold.
The white ugly thing is moderately wounded.
The deep elf pyromancer hits you but does no damage.
The deep elf pyromancer is very cold.
The deep elf pyromancer is moderately wounded.
You closely miss the deep elf pyromancer.
The deep elf pyromancer is moderately wounded.
You are covered in liquid flames!
The white ugly thing gurgles horribly!
The white ugly thing headbutts you! The white ugly thing freezes you!!
You die...

#.#.....#.
#########.#.....#.
#.........####''#.
#.#######.........
#.# #......... #.#
#.####''#. #.#
#.#.....#. #.#
#.#.....#. #@#
#.#.....#. #eu.#
#.#.....#. #u#.#
#.#)....#. .u#...
#.#######. #.# #..
... #. .u# .##..#
.. #u# # .## #u.


You could see 6 ugly things and a deep elf pyromancer.

Vanquished Creatures
  Kirke (D:13)
  An ironbound preserver (D:14)
  Nessos (D:14)
  Snorg (D:11)
  A great orb of eyes (D:12)
  Josephine (D:13)
  Fannar (D:10)
  3 hydras
  A boulder beetle (D:11)
  A catoblepas (D:14)
  6 centaur warriors
  A tengu warrior (D:14)
  2 deep elf pyromancers (D:14)
  Pikel (D:5)
  3 oklob plants (D:13)
  5 cyclopes
  4 ugly things
  Maurice (D:8)
  A water nymph (shapeshifter) (D:13)
  2 unseen horrors
  A kobold demonologist (D:12)
  5 yaktaurs (D:12)
  A tengu conjurer (D:13)
  A troll (D:10)
  Prince Ribbit (D:8)
  2 hornets (D:7)
  A vampire (D:9)
  3 shadows
  2 wyverns
  Eustachio (D:5)
  17 yaks
  7 wraiths
  A basilisk (D:13)
  3 humans (D:13)
  A hog (D:13)
  A steam dragon (D:8)
  4 vampire mosquitoes (D:13)
  Menkaure (D:7)
  3 acid dragons
  A floating eye (D:13)
  A swamp drake (D:11)
  A water moccasin (D:9)
  17 orc warriors
  An ice beast (Temple)
  3 black bears
  19 centaurs
  An ogre (Temple)
  2 kobold brigands
  A bullfrog (D:7)
  3 scorpions
  2 necrophages
  6 wights
  20 killer bees
  8 howler monkeys
  A hound (D:7)
  A centaur zombie (D:8)
  3 jellies
  9 orc priests
  3 iguanas (D:5)
  14 orc wizards
  2 killer bee zombies (D:8)
  9 adders
  4 gnolls (D:3)
  A shadow imp (D:7)
  3 white imps
  An ufetubus (D:6)
  2 worms
  2 dart slugs
  67 orcs
  12 ball pythons
  4 endoplasms
  2 giant cockroaches (D:4)
  6 goblins
  12 hobgoblins
  6 jackals (D:2)
  6 quokkas
  3 training dummies (D:4)
  5 bats
  3 frilled lizards
  15 kobolds
  7 rats
383 creatures vanquished.

Vanquished Creatures (others)
  17 plants
  4 withered plants (D:8)
21 creatures vanquished.

Grand Total: 404 creatures vanquished

Notes
Turn   | Place    | Note
-------+----------+-------------------------------------------
     0 | D:1      | KateP the Gargoyle Fighter began the quest for the Orb.
     0 | D:1      | Reached XP level 1. HP: 14/14 MP: 1/1
     4 | D:1      | Noticed a black mamba
    11 | D:1      | Noticed a black mamba
   226 | D:1      | Reached XP level 2. HP: 13/19 MP: 2/2
   862 | D:2      | Reached XP level 3. HP: 22/23 MP: 3/3
   958 | D:2      | Reached skill level 3 in Maces & Flails
  1170 | D:2      | Reached XP level 4. HP: 11/29 MP: 4/4
  1724 | D:2      | You fall into a shaft and drop 1 floor!
  2160 | D:3      | Reached XP level 5. HP: 33/33 MP: 5/5
  2481 | D:3      | Identified the ring of Selutoz {rF+ Will+ rCorr Str+4
                  | Stlth+}
  2488 | D:3      | Reached skill level 4 in Maces & Flails
  3177 | D:4      | Found Raule's Firing Range.
  4182 | D:5      | Entered Level 5 of the Dungeon
  4210 | D:5      | Reached XP level 6. HP: 36/39 MP: 6/6
  4341 | D:5      | Found a staircase to the Ecumenical Temple.
  4341 | D:5      | Found a snail-covered altar of Cheibriados.
  4345 | D:5      | Noticed an ice beast
  4348 | D:5      | Noticed Eustachio
  4352 | Temple   | Entered the Ecumenical Temple
  4357 | Temple   | Killed an ice beast
  4358 | Temple   | Reached skill level 5 in Maces & Flails
  4370 | Temple   | Gained mutation: Your body sometimes deteriorates upon
                  | taking damage. [potion of mutation]
  4370 | Temple   | Gained mutation: You possess an exceptional clarity of
                  | mind. [potion of mutation]
  4370 | Temple   | Gained mutation: You expend magic power (3 MP) to
                  | strengthen your wands. [potion of mutation]
  4370 | Temple   | Gained mutation: You have a pair of small antennae on your
                  | head. [potion of mutation]
  4385 | Temple   | Lost mutation: You possess an exceptional clarity of mind.
                  | [potion of mutation]
  4385 | Temple   | Lost mutation: You expend magic power (3 MP) to strengthen
                  | your wands. [potion of mutation]
  4385 | Temple   | Gained mutation: You are robust. (+10% HP) [potion of
                  | mutation]
  4385 | Temple   | Gained mutation: Your mind is acute. (Int +2) [potion of
                  | mutation]
  4432 | Temple   | Became a worshipper of Warmaster Okawaru
  4592 | Temple   | Reached skill level 5 in Fighting
  4592 | Temple   | Reached skill level 5 in Armour
  4592 | Temple   | Reached XP level 7. HP: 16/48 MP: 7/7
  4648 | D:5      | Killed Eustachio
  4793 | D:5      | Reached skill level 6 in Maces & Flails
  4795 | D:5      | Found Xeypn's Distillery.
  4836 | D:5      | Noticed Pikel
  4848 | D:5      | Killed Pikel
  4848 | D:5      | Reached * piety under Okawaru
  4848 | D:5      | Reached ** piety under Okawaru
  4849 | D:5      | Reached skill level 7 in Maces & Flails
  4849 | D:5      | Reached XP level 8. HP: 39/56 MP: 8/8
  5547 | D:6      | Reached skill level 8 in Maces & Flails
  5554 | D:6      | Reached *** piety under Okawaru
  5555 | D:6      | Reached XP level 9. HP: 39/61 MP: 9/9
  5676 | D:6      | Found a shadowy altar of Dithmenos.
  6098 | D:6      | Lost mutation: Your mind is acute. (Int +2) [potion of
                  | mutation]
  6098 | D:6      | Lost mutation: You are robust. (+10% HP) [potion of
                  | mutation]
  6098 | D:6      | Gained mutation: You possess an exceptional clarity of
                  | mind. [potion of mutation]
  6098 | D:6      | Gained mutation: You have hidden genetic potential. [potion
                  | of mutation]
  6130 | D:7      | Noticed Menkaure
  6139 | D:7      | Killed Menkaure
  6470 | D:7      | Noticed a hornet
  6472 | D:7      | Noticed a hornet
  6479 | D:7      | Killed a hornet
  6480 | D:7      | Reached skill level 9 in Maces & Flails
  6484 | D:7      | Killed a hornet
  6484 | D:7      | Reached **** piety under Okawaru
  6969 | D:8      | Found a sparkling altar of Nemelex Xobeh.
  7199 | D:8      | Reached skill level 10 in Maces & Flails
  7241 | D:8      | Reached XP level 10. HP: 57/64 MP: 10/10
  7247 | D:8      | Gained mutation: A frigid envelope surrounds you and
                  | freezes all who hurt you. [hidden potential]
  7267 | D:8      | Noticed Prince Ribbit
  7268 | D:8      | Reached ***** piety under Okawaru
  7277 | D:8      | Killed Prince Ribbit
  7279 | D:8      | Noticed Maurice
  7317 | D:8      | Killed Maurice
  7409 | D:8      | Identified the +2 ring mail of the Solstice {Str+2 Stlth+}
  7690 | D:9      | Reached skill level 11 in Maces & Flails
  7760 | D:9      | Found a flagged portal.
  7787 | Bailey   | Entered a bailey
  8108 | Bailey   | Reached XP level 11. HP: 37/71 MP: 11/11
  8110 | Bailey   | Received a gift from Okawaru
  8122 | Bailey   | Gained mutation: You have sharp fingernails. [hidden
                  | potential]
  8122 | Bailey   | Lost mutation: You have hidden genetic potential. [hidden
                  | potential expressed]
  8499 | D:9      | Reached skill level 12 in Maces & Flails
  8712 | D:9      | Found a burning altar of Makhleb.
  9006 | D:10     | Entered Level 10 of the Dungeon
  9059 | D:10     | Found an opulent altar of Gozag.
  9088 | D:10     | Found a shimmering altar of Xom.
  9167 | D:10     | Found a radiant altar of Vehumet.
  9275 | D:10     | Lost mutation: You have sharp fingernails. [potion of
                  | mutation]
  9275 | D:10     | Lost mutation: Your body sometimes deteriorates upon taking
                  | damage. [potion of mutation]
  9275 | D:10     | Gained mutation: Your skin changes colour to match your
                  | surroundings (Stealth+). [potion of mutation]
  9324 | D:10     | Found a sacrificial altar of Ru.
  9326 | D:10     | Found a blossoming altar of Fedhas.
  9329 | D:10     | Found an ancient bone altar of Kikubaaqudgha.
  9541 | D:10     | Noticed Fannar
  9553 | D:10     | Killed Fannar
  9554 | D:10     | Reached skill level 10 in Fighting
  9554 | D:10     | Reached skill level 10 in Armour
  9687 | D:11     | Noticed a boulder beetle
  9697 | D:11     | Killed a boulder beetle
  9729 | D:11     | Reached ****** piety under Okawaru
  9764 | D:11     | Found a staircase to the Lair.
  9766 | D:11     | Noticed a red ugly thing
  9773 | D:11     | Received a gift from Okawaru
  9793 | D:11     | Killed a red ugly thing
  9794 | D:11     | Reached skill level 13 in Maces & Flails
  9939 | D:11     | Received a gift from Okawaru
  9943 | D:11     | Noticed a seven-headed hydra
  9944 | D:11     | Noticed a centaur warrior
  9955 | D:12     | Killed a seven-headed hydra
  9964 | D:11     | Killed a centaur warrior
  9965 | D:11     | Reached XP level 12. HP: 67/79 MP: 12/12
 10168 | D:11     | Noticed Snorg
 10174 | D:11     | Killed Snorg
 10375 | D:11     | Found a staircase to the Orcish Mines.
 10641 | D:12     | Reached skill level 14 in Maces & Flails
 10651 | D:12     | Noticed a great orb of eyes
 10656 | D:12     | Received a gift from Okawaru
 10667 | D:12     | Killed a great orb of eyes
 11252 | D:13     | Noticed a four-headed hydra
 11255 | D:13     | Killed a four-headed hydra
 11267 | D:13     | Paralysed by a floating eye for 3 turns
 11271 | D:13     | Paralysed by a floating eye for 2 turns
 11276 | D:13     | Paralysed by a floating eye for 2 turns
 11359 | D:13     | Noticed a centaur warrior
 11361 | D:13     | Killed a centaur warrior
 11366 | D:13     | Identified the +10 great sword of Latzuleyq {freeze, rElec
                  | rPois rF+} (Okawaru gifted it to you on level 13 of the
                  | Dungeon)
 11366 | D:13     | Received a gift from Okawaru
 11368 | D:13     | Reached skill level 15 in Maces & Flails
 11425 | D:13     | Noticed a centaur warrior
 11435 | D:13     | Killed a centaur warrior
 11436 | D:13     | Reached XP level 13. HP: 86/86 MP: 13/13
 11491 | D:13     | Noticed Kirke
 11503 | D:13     | Killed Kirke
 11690 | D:13     | Noticed Josephine
 11700 | D:13     | Killed Josephine
 11700 | D:13     | Received a gift from Okawaru
 12103 | D:14     | Noticed Nessos
 12141 | D:14     | Killed Nessos
 12204 | D:14     | Noticed an ironbound preserver
 12218 | D:14     | Identified the +1 chain mail of the Shore {+Inv Str+2
                  | Int+3} (Okawaru gifted it to you on level 14 of the
                  | Dungeon)
 12218 | D:14     | Received a gift from Okawaru
 12219 | D:14     | Reached skill level 16 in Maces & Flails
 12240 | D:14     | Killed an ironbound preserver
 12338 | D:14     | Found a gate to the Vaults.
 12373 | D:14     | Slain by a white ugly thing

Illustrated notes

Levels and vault maps discovered:
D:1:      sevenhm_arrival_forest_fort_small_2, layout_basic,
          minmay_misc_feat_doors
D:2:      minmay_general_purpose_star, layout_basic
D:3:      layout_loops_cross, serial_bayou_lake_a
D:4:      layout_layer_cave, minmay_misc_feat_square, grunt_ministairs_11,
          nrook_mini_vaults, nicolae_shop_firing_range
D:5:      layout_cave_pods, mainiacjoe_overflow_concentric_impassable,
          minmay_temple_entry_stoned_glass, serial_shops,
          nicolae_shop_behind_doors, uniq_eustachio, uniq_pikel
D:6:      layout_loops_cross, grunt_dithmenos_smoke,
          minmay_fractal_squares_diagonal_5
D:7:      layout_loops_cross, serial_glass, glass_columns_c, glass_columns_a,
          uniq_menkaure
D:8:      layout_basic, mainiacjoe_overflow_cross_hatched, serial_undead,
          serial_undead_c, serial_undead_b, serial_undead_f, serial_undead_d,
          uniq_prince_ribbit1, uniq_maurice
D:9:      layout_irregular_city, general_overflow_altar, enter_bailey_2
D:10:     layout_loops_ring, mainiacjoe_overflow_catwalk,
          mainiacjoe_overflow_swirl, grunt_temple_overflow_open, uniq_fannar
D:11:     layout_roguey, david_lair_generic, erik_orc_1, minivault_20,
          lemuel_flame_loot_1, uniq_snorg
D:12:     layout_gridville
D:13:     layout_roguey, disabler_island, uniq_josephine, uniq_kirke
D:14:     doesnt_quadruple_sword, layout_loops_corners,
          skrybe_vaults_entry_preservation, kennysheep_cluttered_room,
          gauntlet_entry_generic, uniq_nessos
Temple:   minmay_temple_bridge_abc

Skill      XL: |  1  2  3  4  5  6  7  8  9 10 11 12 13 |
---------------+----------------------------------------+-----
Maces & Flails | 3 4 5 7 8 10 11 13 15 16 | 16.4
Fighting       | 4 5 6 8 9 10 12 13 | 13.1
Armour         | 4 5 6 8 9 11 12 13 | 13.2
Shields        | |  3.2

Action                   |  1- 3 |  4- 6 |  7- 9 | 10-12 | 13-15 || total
-------------------------+-------+-------+-------+-------+-------++-------
Melee: Flail             |   139 |    34 |       |       |       ||   173
       Morningstar       |       |   179 |   362 |   142 |       ||   683
       Punch             |       |       |     1 |     1 |       ||     2
       Great mace        |       |       |       |   280 |   110 ||   390
Invok: Heroism           |       |       |     1 |       |     1 ||     2
  Use: Potion            |     1 |     4 |     3 |     7 |     5 ||    20
       Scroll            |       |     9 |     4 |     8 |       ||    21
Armor: Scale mail        |    91 |   122 |    47 |       |       ||   260
       Plate armour      |       |       |   314 |   495 |   117 ||   926
Dodge: Dodged            |    90 |   131 |   217 |   203 |    64 ||   705
Block: Buckler           |    43 |     5 |       |       |       ||    48

Table legend: (Time is in decaauts)
 A = Elapsed time spent in this place.
 B = Non-inter-level travel time spent in this place.
 C = Inter-level travel time spent in this place.
 D = Time resting spent in this place.
 E = Time spent auto-exploring this place.
 F = Levels seen in this place.
 G = Mean time per level.
                   A        B        C        D        E       F      G
               +--------+--------+--------+--------+--------+-----+--------+
         Total |  12497 |  12497 |      0 |   1217 |   7948 |  16 |  781.1 |
       Dungeon |  11567 |  11567 |      0 |   1190 |   7489 |  14 |  826.2 |
        Temple |    277 |    277 |      0 |     25 |    159 |   1 |  277.0 |
        Bailey |    653 |    653 |      0 |      2 |    300 |   1 |  653.0 |
               +--------+--------+--------+--------+--------+-----+--------+

Top non-repeatable levels by time:
     D:4: 1601 daAuts
    D:11: 946 daAuts
     D:5: 945 daAuts
     D:3: 924 daAuts
     D:2: 920 daAuts
     D:8: 874 daAuts
     D:1: 855 daAuts
     D:6: 743 daAuts
     D:9: 728 daAuts
    D:10: 661 daAuts
  Bailey: 653 daAuts
    D:13: 652 daAuts
     D:7: 640 daAuts
    D:12: 627 daAuts
    D:14: 447 daAuts
